 Dungeon Crawl Stone Soup version 0.22-a0-439-gac93bac (webtiles) character file.

11383 Firecrotchwizard the Grappler (level 11, 0/115 HPs)
             Began as a Troll Fighter on May 30, 2018.
             Was a High Priest of Okawaru.
             Succumbed to a scorpion's poison
             ... on level 10 of the Dungeon.
             The game lasted 00:21:26 (9291 turns).

Firecrotchwizard the Grappler (Troll Fighter)       Turns: 9291, Time: 00:21:27

Health: 0/115      AC:  9    Str: 29    XL:     11   Next: 48%
Magic:  14/14      EV:  9    Int:  4    God:    Okawaru [*****.]
Gold:   745        SH: 11    Dex:  9    Spells: 10/10 levels left

rFire    . . .     SeeInvis .     - Unarmed
rCold    + . .     Gourm    +   b - +1 shield
rNeg     . . .     Faith    .   y - +2 animal skin
rPois    .         Spirit   .   I - +1 hat
rElec    .         Reflect  .   s - +0 cloak
rCorr    .         Harm     .   (gloves unavailable)
MR       +....                  (boots unavailable)
Stlth    ++........             (no amulet)
HPRegen  0.69/turn              q - ring of protection from magic {MR+, !d}
MPRegen  0.14/turn              O - ring of Beauty {rC+ Stlth+}

@: lethally poisoned (0 -> -1)
A: large, unfitting armour, claws 3, fast metabolism 3, gourmand, regeneration
1, shaggy fur 1, tough skin 2
a: Heroism, Finesse, Renounce Religion


You were on level 10 of the Dungeon.
You worshipped Okawaru.
Okawaru was extremely pleased with you.
You were very full.

You visited 1 branch of the dungeon, and saw 11 of its levels.
You also visited: Ossuary.

You collected 745 gold pieces.

Inventory:

Hand Weapons
 A - a +1 trident of venom
   (You took it off an orc on level 9 of the Dungeon)
 D - a +2 dagger of flaming
   (You took it off an orc on level 9 of the Dungeon)
 J - a +0 flail of holy wrath
   (You took it off a gnoll on level 10 of the Dungeon)
 L - a +2 spear of piercing
   (You took it off a gnoll sergeant on level 10 of the Dungeon)
 N - a +2 mace of draining
   (You took it off an orc warrior on level 10 of the Dungeon)
Missiles
 M - 2 large rocks (quivered) {!d}
 P - a throwing net {=f, !d}
Armour
 b - a +1 shield (worn)
 s - a +0 cloak (worn)
   (You took it off Maurice on level 8 of the Dungeon)
 w - a +1 hat
   (Okawaru gifted it to you on level 8 of the Dungeon)
 y - a +2 animal skin (worn)
   (You took it off Grum on level 8 of the Dungeon)
 I - a +1 hat (worn)
   (You found it on level 9 of the Dungeon)
Jewellery
 q - a ring of protection from magic (left claw) {MR+, !d}
   (You found it on level 2 of the Dungeon)
 u - an uncursed ring of stealth {Stlth+}
   (You found it in an ossuary)
 O - the ring of Beauty (right claw) {rC+ Stlth+}
   (You found it on level 7 of the Dungeon)

   [ring of protection from cold]

   It protects you from cold.
   It makes you more stealthy.
Wands
 v - a wand of acid (7)
   (You found it on level 4 of the Dungeon)
 E - a wand of flame (24)
   (You found it on level 9 of the Dungeon)
 R - a wand of digging (17)
   (You found it on level 10 of the Dungeon)
Scrolls
 e - 5 scrolls of blinking {!r}
 i - 4 scrolls of magic mapping {!r}
 k - a scroll of fog
 l - 2 scrolls of amnesia
 m - 9 scrolls of identify
 o - 7 scrolls of enchant weapon
 r - 4 scrolls of remove curse
 t - 8 scrolls of teleportation
 C - a scroll of vulnerability {!r!r}
 Q - 2 scrolls of silence
Potions
 a - 3 potions of haste {unknown}
 c - 2 potions of might
 f - 2 potions of mutation {unknown}
 g - 10 potions of curing
 h - 4 potions of heal wounds
 n - 3 potions of ambrosia
 p - 5 potions of lignification {!q}
 x - a potion of flight {unknown}
 z - 2 potions of brilliance {unknown}
 B - 2 potions of agility
 F - a potion of resistance {unknown}
 G - a potion of invisibility
 H - a potion of magic {unknown}
 K - a potion of cancellation {unknown}
Comestibles
 d - 26 rations {@e1}
 j - 3 chunks of flesh {@w0}


   Skills:
 + Level 9.3 Fighting
 - Level 2.4 Dodging
 + Level 5.8 Shields
 - Level 12.0 Unarmed Combat
 + Level 5.6 Invocations


You had 10 spell levels left.
You didn't know any spells.
Your spell library contained the following spells:

 Spells                   Type           Power        Failure   Level  Hunger
 Apportation              Tloc           #.....       73%         1    ##.....
 Summon Small Mammal      Summ           #...         73%         1    ##.....
 Animate Skeleton         Necr           N/A          73%         1    ##.....
 Confusing Touch          Hex            #.....       73%         1    ##.....


Dungeon Overview and Level Annotations

Branches:
Dungeon (11/15)            Temple (0/1) D:4             Orc (0/2) D:9
   Lair: D:8-11

Altars:
Ashenzari
Hepliaklqana
Kikubaaqudgha
Okawaru
Sif Muna
Trog
Vehumet
Yredelemnul
The Shining One

Shops:
D:10 }


Innate Abilities, Weirdness & Mutations

You are too large for most types of armour.
You have claws for hands.
Your metabolism is lightning-fast.
You like to eat raw meat.
Your natural rate of healing is unusually fast.
You are covered in fur. (AC +1)
You have very tough skin. (AC +2)


Message History

There is a stone staircase leading down here.
You eviscerate the yak!!! The yak gores you but does no damage.
You scratch the yak but do no damage. The yak gores you but does no damage.
You claw the yak!
You kill the yak!
Okawaru accepts your kill.
There is a stone staircase leading down here.
There is a stone staircase leading down here.
You start resting.
Health restored: 115 You climb downwards.
Something hits you but does no damage. The yak gores you but does no damage.
The yak gores you. You block the yak's attack.
There is a stone staircase leading up, spattered with blood here.
You take 5 damage, and have 110/115 hp.
The yak gores you. The yak gores you!
You climb upwards.
There is a stone staircase leading down here.
You take 13 damage, and have 97/115 hp.
You claw the yak! The yak barely misses you. The yak gores you.
You take 4 damage, and have 94/115 hp.
You barely miss the yak. The yak closely misses you.
You block the yak's attack.
You scratch the yak. The yak gores you! You block the yak's attack.
You take 8 damage, and have 87/115 hp.
Your shield prevents you from hitting the yak.
The yak gores you.
You closely miss the yak. The yak barely misses you.
You block the yak's attack.
You eviscerate the yak!!!
You kill the yak!
Okawaru accepts your kill.
You feel your dexterity returning. The yak gores you!
You take 9 damage, and have 79/115 hp.
You barely miss the yak. The yak completely misses you.
You barely miss the yak. You block the yak's attack.
You claw the yak! You scratch the yak but do no damage.
You block the yak's attack.
You mangle the yak!!
You kill the yak!
Okawaru accepts your kill.
There is a stone staircase leading down, spattered with blood here.
You see here a yak corpse.
You butcher the yak corpse.
There is a stone staircase leading down, spattered with blood here.
Things that are here:
2 chunks of flesh {@w0}; a yak skeleton You start resting.
Health restored: 115 You climb downwards.
Something hits you! x2; The scorpion stings you.
You are poisoned.
The scorpion poisons you! The yak gores you! The scorpion barely misses you.
There is a stone staircase leading up, spattered with blood here.
You take 28 damage, and have 87/115 hp.
MASSIVE DAMAGE!!
You scratch the scorpion.
You feel sick. Something hits you. You block the yak's attack.
You block the scorpion's attack.
You take 6 damage, and have 81/115 hp.
You closely miss the scorpion.
You feel sick. Something hits you but does no damage. The yak gores you.
The scorpion stings you but does no damage.
You take 4 damage, and have 77/115 hp.
You scratch the scorpion.
You feel sick. You block something's attack. The yak gores you!
You take 15 damage, and have 62/115 hp.
You scratch the scorpion but do no damage.
You feel sick. You block something's attack. Something hits you.
The scorpion stings you but does no damage.
You take 3 damage, and have 59/115 hp.
You closely miss the scorpion. Something hits you! The yak gores you!
The scorpion stings you.
You are more poisoned.
The scorpion poisons you!
You take 23 damage, and have 36/115 hp.
You claw the scorpion!
You feel sick. You block something's attack. The yak gores you!
* * * LOW HITPOINT WARNING * * *
The scorpion barely misses you.
You take 13 damage, and have 23/115 hp.
Unknown command.
You feel sick. Something hits you!
* * * LOW HITPOINT WARNING * * *
The yak gores you but does no damage.
The scorpion stings you but does no damage.
You climb upwards.
You feel sick.
There is a stone staircase leading down, spattered with blood here.
Things that are here:
2 chunks of flesh {@w0}; a yak skeleton You take 8 damage, and have 15/115 hp.
You claw the yak!
You feel sick. Something hits you but does no damage. The yak gores you!
* * * LOW HITPOINT WARNING * * *
The scorpion misses you.
You take 14 damage, and have 1/115 hp.
You mangle the yak!!
You kill the yak!
Okawaru accepts your kill.
You die...

##..#.###.## #.# ##.#..##..#
#.# #..#.###.# #.# ##.#..##.#
#.# #.##.##.# ###'####
#.##..#'#### ####......#
#.###......# ##..'......#
#..##......###..##..)...######
##[##......+.@s###......'.....
#)###.....##### #<.....######
#)###.....# #####'## #
#..##.##+## #.# ## ##.##.#..#
##.# .# #..#.#.## #..# .##
##.#.).# ###.####
..#####..#รท+## #......#
.............# #......#


You could see a scorpion.

Vanquished Creatures
  2 two-headed ogres
  Pikel (D:8)
  A cyclops (D:7)
  Maurice (D:8)
  A troll (D:10)
  The ghost of dracfodder the Shield-Bearer, an amateur FoFi (D:3)
  4 hippogriffs
  Grum (D:8)
  A wyvern (D:7)
  Eustachio (D:6)
  6 yaks
  2 water moccasins
  Edmund (D:4)
  7 orc warriors
  3 ice beasts
  2 sky beasts
  A phantom (D:6)
  A slave (D:8)
  2 black bears
  3 wolves (D:8)
  2 centaurs
  10 ogres
  A crocodile (D:11)
  A big kobold (D:7)
  2 bullfrogs
  A gnoll sergeant (D:10)
  A wyvern zombie (D:10)
  A wyvern skeleton (D:10)
  9 killer bees
  3 scorpions
  4 howler monkeys
  3 wights (D:8)
  5 crimson imps
  2 bullfrog zombies (Ossuary)
  2 jellies
  2 quasits
  5 hounds
  6 orc priests
  3 bullfrog skeletons
  15 orc wizards
  3 iguanas
  9 worker ants
  A killer bee zombie (Ossuary)
  5 hound zombies
  A hound skeleton (D:4)
  16 mummies (Ossuary)
  A howler monkey zombie (Ossuary)
  2 worker ant zombies (Ossuary)
  Robin (D:4)
  5 gnolls (D:10)
  10 adders
  A shadow imp (D:7)
  An ooze (D:1)
  An adder zombie (Ossuary)
  An adder skeleton (D:4)
  3 worms
  2 dart slugs (D:1)
  4 leopard geckos
  53 orcs
  5 bats
  5 giant cockroaches
  18 goblins
  9 hobgoblins
  18 jackals
  7 quokkas
  2 frilled lizards
  2 giant cockroach zombies (Ossuary)
  A jackal zombie (D:5)
  8 kobolds
  A leopard gecko skeleton (D:4)
  A quokka skeleton (D:7)
  A quokka zombie (Ossuary)
  12 rats
330 creatures vanquished.

Notes
Turn   | Place    | Note
-------+----------+-------------------------------------------
     0 | D:1      | Firecrotchwizard the Troll Fighter began the quest for the Orb.
     0 | D:1      | Reached XP level 1. HP: 22/22 MP: 0/0
    49 | D:1      | Reached XP level 2. HP: 29/29 MP: 1/1
   245 | D:1      | Reached skill level 3 in Unarmed Combat
   477 | D:1      | Reached XP level 3. HP: 36/36 MP: 2/2
   763 | D:2      | Reached skill level 3 in Fighting
   775 | D:2      | Reached XP level 4. HP: 45/45 MP: 3/3
   843 | D:2      | Found a shattered altar of Ashenzari.
   987 | D:2      | Found a bloodstained altar of Trog.
  1213 | D:3      | Reached skill level 4 in Unarmed Combat
  1573 | D:3      | Found an iron altar of Okawaru.
  1580 | D:3      | Became a worshipper of Warmaster Okawaru
  1585 | D:3      | Found a deep blue altar of Sif Muna.
  1588 | D:3      | Found a basalt altar of Yredelemnul.
  1661 | D:3      | Noticed dracfodder's ghost (amateur FoFi)
  1677 | D:3      | Killed dracfodder's ghost
  1677 | D:3      | Reached * piety under Okawaru
  1677 | D:3      | Reached skill level 5 in Unarmed Combat
  1677 | D:3      | Reached XP level 5. HP: 22/54 MP: 4/4
  1677 | D:3      | Reached XP level 6. HP: 25/62 MP: 5/5
  1797 | D:3      | Found a glowing golden altar of the Shining One.
  1914 | D:4      | Reached skill level 4 in Fighting
  1983 | D:4      | Reached skill level 6 in Unarmed Combat
  2039 | D:4      | Found a staircase to the Ecumenical Temple.
  2152 | D:4      | Noticed Edmund
  2158 | D:4      | Killed Edmund
  2158 | D:4      | Reached ** piety under Okawaru
  2158 | D:4      | Reached XP level 7. HP: 71/71 MP: 3/6
  2330 | D:4      | Reached skill level 7 in Unarmed Combat
  2459 | D:4      | Noticed Robin
  2503 | D:4      | Killed Robin
  2506 | D:4      | HP: 17/71 [goblin/uncursed club[Robin] (1)]
  2883 | D:4      | Reached skill level 5 in Fighting
  2992 | D:4      | Reached XP level 8. HP: 74/80 MP: 7/7
  3077 | D:5      | Entered Level 5 of the Dungeon
  3108 | D:5      | Reached skill level 8 in Unarmed Combat
  3445 | D:5      | Found a hazy altar of Hepliaklqana.
  3873 | D:6      | Reached *** piety under Okawaru
  3873 | D:6      | Reached skill level 9 in Unarmed Combat
  3878 | D:6      | Found a sand-covered staircase.
  3884 | Ossuary  | Entered an ossuary
  4066 | Ossuary  | Reached skill level 6 in Fighting
  4200 | Ossuary  | Reached XP level 9. HP: 83/89 MP: 8/8
  4477 | D:6      | Found a radiant altar of Vehumet.
  4546 | D:6      | Noticed Eustachio
  4555 | D:6      | Killed Eustachio
  4555 | D:6      | Reached skill level 10 in Unarmed Combat
  4918 | D:7      | Reached **** piety under Okawaru
  4946 | D:7      | HP: 15/92 [ogre/giant spiked club (18)]
  5414 | D:7      | Reached skill level 7 in Fighting
  5414 | D:7      | Reached skill level 11 in Unarmed Combat
  5501 | D:7      | Found a runed door.
  5501 | D:7      | Found a runed door.
  5910 | D:7      | Noticed a cyclops
  5918 | D:7      | Killed a cyclops
  5918 | D:7      | Reached XP level 10. HP: 78/102 MP: 6/9
  5923 | D:7      | Reached ***** piety under Okawaru
  5994 | D:7      | Got a scorched bronze ring
  5999 | D:7      | Got a twisted flail
  6001 | D:7      | Got a transparent steel ring
  6009 | D:7      | Identified the ring of Beauty {rC+ Stlth+} (You found it on level 7 of the Dungeon)
  6011 | D:7      | Identified the ring "Qumoas" {-Tele rF- MP+9 Dex+8 SInv} (You found it on level 7 of the Dungeon)
  6155 | D:8      | Noticed a two-headed ogre
  6160 | D:7      | Reached skill level 12 in Unarmed Combat
  6422 | D:8      | Killed a two-headed ogre
  6422 | D:8      | Reached skill level 3 in Shields
  6422 | D:8      | Reached skill level 1 in Invocations
  6506 | D:8      | Found an ancient bone altar of Kikubaaqudgha.
  6620 | D:8      | Noticed Maurice
  6645 | D:8      | Killed Maurice
  6645 | D:8      | Reached skill level 8 in Fighting
  6645 | D:8      | Reached skill level 2 in Invocations
  6783 | D:8      | Noticed Pikel
  6823 | D:8      | Killed Pikel
  6823 | D:8      | Received a gift from Okawaru
  6823 | D:8      | Reached skill level 3 in Invocations
  6980 | D:8      | Noticed Grum
  6990 | D:8      | Killed Grum
  6990 | D:8      | Reached skill level 4 in Shields
  7381 | D:9      | Reached skill level 4 in Invocations
  7492 | D:9      | Reached XP level 11. HP: 36/113 MP: 13/13
  7787 | D:9      | Found a staircase to the Orcish Mines.
  8045 | D:10     | Entered Level 10 of the Dungeon
  8045 | D:10     | Found the +3 warlock's mirror {reflect}
  8056 | D:10     | Found Poib's Gadget Shop.
  8152 | D:10     | Noticed a two-headed ogre
  8160 | D:10     | Killed a two-headed ogre
  8160 | D:10     | Reached skill level 5 in Shields
  8164 | D:10     | Reached skill level 9 in Fighting
  8361 | D:10     | Reached skill level 5 in Invocations
  8577 | D:10     | Got a twitching silver amulet
  8616 | D:10     | Identified the amulet "Heta" {Gourm -Tele +Inv rPois Int+4} (You found it on level 10 of the Dungeon)
  9287 | D:11     | HP: 23/115 [yak (11)]
  9290 | D:10     | HP: 1/115 [yak (14)]
  9291 | D:10     | Succumbed to a scorpion's poison

Vault maps used:
D:1:      dpeg_arrival_shelter, minmay_pentomino_s2
D:2:      nicolae_overflow_crystal_walls, nicolae_overflow_hidden_temple,
          ashenzari_conservatory_becter
D:3:      grunt_temple_overflow_diamond, lemuel_round_altar
D:4:      kennysheep_goblin_castle, minmay_temple_entry_statues, uniq_edmund
D:5:      lemuel_doored_altar, first_ration
D:6:      vehumet_crystals, lightli_ossuary_entry_decrepit_ruins, uniq_eustachio
D:7:      minmay_the_grid_triangle_9x9_rhombus_full
D:8:      old_standard_altar, uniq_pikel, uniq_maurice, uniq_grum
D:9:      david_orc_4
D:10:     serial_shops, shop, grunt_ogre_cave, minivault_1
D:11:     lair_entry_dummy
Ossuary:  ossuary_zaba_flooded

Skill      XL: |  1  2  3  4  5  6  7  8  9 10 11 |
---------------+----------------------------------+-----
Unarmed Combat | 3 5 6 7 9 11 12 | 12.0
Fighting       | 3 4 5 6 7 8 9 |  9.3
Shields        | 4 5 |  5.8
Invocations    | 4 5 |  5.6
Dodging        | |  2.4

Action                   |  1- 3 |  4- 6 |  7- 9 | 10-12 || total
-------------------------+-------+-------+-------+-------++-------
Melee: Unarmed           |    92 |   142 |   349 |   396 ||   979
Throw: Large rock        |       |       |       |     6 ||     6
Invok: Heroism           |       |     1 |     3 |     6 ||    10
Evoke: Wand              |       |       |     1 |       ||     1
  Use: Potion            |       |     1 |       |       ||     1
       Scroll            |       |       |       |    21 ||    21
 Stab: Distracted        |       |       |     2 |       ||     2
       Sleeping          |       |       |     1 |     3 ||     4
  Eat: Chunk             |    13 |    13 |    34 |    30 ||    90
Armor: Robe              |    29 |    31 |    70 |    10 ||   140
       Animal skin       |       |       |       |    96 ||    96
Dodge: Dodged            |    41 |    35 |    94 |   132 ||   302
Block: Shield            |    44 |    64 |   122 |   226 ||   456

Table legend:
 A = Spawn XP
 B = Non-spawn XP
 C = Spawn XP percentage of total XP
 D = Spawn monster count
 E = Non-spawn monster count
 F = Spawn count percentage of total count
 G = Total turns spent on level
                    A         B        C        D         E        F      G
               +---------+---------+-------+---------+---------+-------+---------
         Total |       0 |   16262 |   0.0 |       0 |     329 |   0.0 |  9291
               +---------+---------+-------+---------+---------+-------+---------
           D:1 |       0 |      46 |   0.0 |       0 |      21 |   0.0 |   536
           D:2 |       0 |      79 |   0.0 |       0 |      23 |   0.0 |   632
           D:3 |       0 |     346 |   0.0 |       0 |      24 |   0.0 |   700
           D:4 |       0 |     967 |   0.0 |       0 |      49 |   0.0 |  1209
           D:5 |       0 |     416 |   0.0 |       0 |       8 |   0.0 |   701
           D:6 |       0 |     506 |   0.0 |       0 |       9 |   0.0 |   726
           D:7 |       0 |    3309 |   0.0 |       0 |      43 |   0.0 |  1467
           D:8 |       0 |    3043 |   0.0 |       0 |      15 |   0.0 |   780
           D:9 |       0 |    1981 |   0.0 |       0 |      38 |   0.0 |   956
          D:10 |       0 |    4300 |   0.0 |       0 |      66 |   0.0 |  1098
          D:11 |       0 |     569 |   0.0 |       0 |       5 |   0.0 |   148
       Ossuary |       0 |     700 |   0.0 |       0 |      28 |   0.0 |   338
               +---------+---------+-------+---------+---------+-------+---------

Vault maps used:
D:1:      dpeg_arrival_shelter, minmay_pentomino_s2
D:2:      nicolae_overflow_crystal_walls, nicolae_overflow_hidden_temple,
          ashenzari_conservatory_becter
D:3:      grunt_temple_overflow_diamond, lemuel_round_altar
D:4:      kennysheep_goblin_castle, minmay_temple_entry_statues, uniq_edmund
D:5:      lemuel_doored_altar, first_ration
D:6:      vehumet_crystals, lightli_ossuary_entry_decrepit_ruins, uniq_eustachio
D:7:      minmay_the_grid_triangle_9x9_rhombus_full
D:8:      old_standard_altar, uniq_pikel, uniq_maurice, uniq_grum
D:9:      david_orc_4
D:10:     serial_shops, shop, grunt_ogre_cave, minivault_1
D:11:     lair_entry_dummy
Ossuary:  ossuary_zaba_flooded

Table legend:
 A = Turns spent in this place as a percentage of turns spent in the entire game.
 B = Non-inter-level travel turns spent in this place as a percentage of non-inter-level travel turns spent in the entire game.
 C = Inter-level travel turns spent in this place as a percentage of turns spent in this place.
 D = Turns resting spent in this place as a percentage of non-inter-level travel turns spent in this place.
 E = Turns spent auto-exploring this place as a percentage of non-inter-level travel turns spent in this place.
 F = Non-inter-level travel turns spent in this place divided by the number of levels of this place that you've seen.
                   A       B       C       D       E      F
               +-------+-------+-------+-------+-------+----------------------
         Total | 100.0 | 100.0 |   4.4 |  16.6 |  58.2 | 739.8
       Dungeon |  96.4 |  96.2 |   4.6 |  16.0 |  59.7 | 776.4
       Ossuary |   3.6 |   3.8 |   0.0 |  32.5 |  21.0 | 338.0
               +-------+-------+-------+-------+-------+----------------------

Table legend:
 A = Kills in this place as a percentage of kills in entire the game.
 B = Kills by you in this place as a percentage of kills by you in the entire game.
 C = Kills by friends in this place as a percentage of kills by friends in the entire game.
 D = Other kills in this place as a percentage of other kills in the entire game.
 E = Experience gained in this place as a percentage of experience gained in the entire game.
 F = Experience gained in this place divided by the number of levels of this place that you have seen.
                   A       B       C       D       E      F
               +-------+-------+-------+-------+-------+----------------------
         Total | 100.0 | 100.0 |   N/A |   N/A | 100.0 | 1355.2
       Dungeon |  91.5 |  91.5 |   N/A |   N/A |  95.7 | 1414.7
       Ossuary |   8.5 |   8.5 |   N/A |   N/A |   4.3 | 700.0
               +-------+-------+-------+-------+-------+----------------------
